 Dungeon Crawl Stone Soup version 0.22-a0-833-g8522bf8 (webtiles) character file.

54 sking99 the Chucker (level 3, 35/35 HPs)
             Began as a Troll Hunter on July 25, 2018.
             Was a Follower of Fedhas.
             Quit the game on level 2 of the Dungeon.
             The game lasted 00:02:31 (1404 turns).

sking99 the Chucker (Troll Hunter)                  Turns: 1404, Time: 00:02:31

Health: 35/35      AC:  5    Str: 20    XL:     3   Next: 66%
Magic:  2/2        EV: 10    Int:  7    God:    Fedhas [*.....]
Gold:   90         SH:  0    Dex: 11    Spells: 2/2 levels left

rFire    . . .     SeeInvis .     - Unarmed
rCold    . . .     Gourm    +   (no shield)
rNeg     . . .     Faith    .   b - +0 robe
rPois    .         Spirit   .   (helmet restricted)
rElec    .         Reflect  .   (no cloak)
rCorr    .         Harm     .   (gloves unavailable)
MR       .....                  (boots unavailable)
Stlth    +.........             (no amulet)
HPRegen  0.51/turn              (no ring)
MPRegen  0.08/turn              (no ring)

@: no status effects
A: large, unfitting armour, claws 3, fast metabolism 3, gourmand, regeneration
1, shaggy fur 1, tough skin 2
a: Fungal Bloom, Evolution, Renounce Religion


You were on level 2 of the Dungeon.
You worshipped Fedhas.
Fedhas was aware of your devotion.
You were completely stuffed.

You visited 1 branch of the dungeon, and saw 2 of its levels.

You collected 90 gold pieces.

Inventory:

Missiles
 c - 5 large rocks (quivered)
 d - 2 throwing nets
Armour
 b - a +0 robe (worn)
Jewellery
 g - an uncursed ring of wizardry {unknown}
Scrolls
 a - 2 scrolls of remove curse {unknown}
 e - a scroll of teleportation {unknown}
 i - a scroll of enchant weapon {unknown}
 j - 3 scrolls of identify {unknown}
 k - a scroll of random uselessness {unknown}
 n - a scroll of blinking {unknown}
Potions
 l - a potion of might {unknown}
 m - 2 potions of ambrosia {unknown}
 o - a potion of invisibility {unknown}
Comestibles
 f - 6 rations
 h - 5 chunks of flesh


   Skills:
 + Level 2.2 Fighting
 - Level 3.6 Throwing
 - Level 1.5 Dodging
 - Level 0.3 Stealth
 * Level 2.7 Unarmed Combat


You had 2 spell levels left.
You didn't know any spells.
Your spell library was empty.

Dungeon Overview and Level Annotations

Branches:
Dungeon (2/15)

Altars:
Fedhas
Qazlal


Innate Abilities, Weirdness & Mutations

You are too large for most types of armour.
You have claws for hands.
Your metabolism is lightning-fast.
You like to eat raw meat.
Your natural rate of healing is unusually fast.
You are covered in fur. (AC +1)
You have very tough skin. (AC +2)


Message History

You see here a club. x2
You see here 20 poisoned needles.
You see here 20 poisoned needles.
There is an open door here.
Eating one of 9 chunks of flesh.
You eat one of the 9 chunks of flesh.
This raw flesh tastes great.
Some of the chunks of flesh in your inventory have rotted away.
You open the large door.
There is a large open door here.
There is a large open door here.
You open the door. You open the door.
There is an open door here.
You open the door.
There is an open door here.
There is a stone staircase leading down here.
n - a scroll labeled TIUPAX XYUCHUZ
o - a lumpy yellow potion Done exploring.
Are you sure you want to abandon this character and quit the game? (Confirm with "yes".)

####.# ...#.#
##.#.#
#.#.############
#.#.##.........#
##.#.##.#######.#
...#....# #.#
###############.##
................@#
##################
# # # # # # #


There were no monsters in sight!

Vanquished Creatures
  An adder (D:2)
  A dart slug (D:1)
  2 leopard geckos (D:2)
  A giant cockroach (D:1)
  7 goblins
  9 hobgoblins
  A kobold (D:2)
  A quokka (D:2)
  7 bats
  3 frilled lizards
  5 rats
38 creatures vanquished.

Notes
Turn   | Place    | Note
-------+----------+-------------------------------------------
     0 | D:1      | sking99 the Troll Hunter began the quest for the Orb.
     0 | D:1      | Reached XP level 1. HP: 19/19 MP: 0/0
   142 | D:1      | Reached skill level 1 in Unarmed Combat
   146 | D:1      | Reached XP level 2. HP: 26/28 MP: 1/1
   798 | D:2      | Reached XP level 3. HP: 27/35 MP: 2/2
   875 | D:2      | Found a stormy altar of Qazlal.
  1204 | D:2      | Found a faded altar of an unknown god.
  1252 | D:2      | Became a worshipper of Fedhas Madash
  1252 | D:2      | Reached * piety under Fedhas
  1404 | D:2      | Quit the game

Vault maps used:
D:1:      matt_arrival_diagonals
D:2:      grunt_qazlal_sundering, chequers_ecumenical_altar_simple

Skill      XL: |  1  2 |
---------------+-------+-----
Unarmed Combat | 1 2 |  2.7
Fighting       | 2 |  2.2
Throwing       | |  3.6
Dodging        | |  1.5
Stealth        | |  0.3

Action                   || total
-------------------------++-------
Melee: Unarmed           ||   103
 Stab: Sleeping          ||     1
  Eat: Chunk             ||    18
Armor: Robe              ||    37
Dodge: Dodged            ||    64

Table legend:
 A = Spawn XP
 B = Non-spawn XP
 C = Spawn XP percentage of total XP
 D = Spawn monster count
 E = Non-spawn monster count
 F = Spawn count percentage of total count
 G = Total turns spent on level
                    A         B        C        D         E        F      G
               +---------+---------+-------+---------+---------+-------+---------
         Total |       0 |      78 |   0.0 |       0 |      38 |   0.0 |  1404
               +---------+---------+-------+---------+---------+-------+---------
           D:1 |       0 |      33 |   0.0 |       0 |      20 |   0.0 |   694
           D:2 |       0 |      45 |   0.0 |       0 |      18 |   0.0 |   710
               +---------+---------+-------+---------+---------+-------+---------
